 Dungeon Crawl Stone Soup version 0.31.0-32-g396128a36d (webtiles) character file.

Game seed: 11257451620905483260

9285 BobbyHole the Covert (level 11, -12/65 (78) HPs)
             Began as an Octopode Brigand on Apr 4, 2024.
             Was a Priest of Ru.
             Mangled by a minotaur
             ... wielding the +2 flail of Koapuzxe {venom, rElec rCorr}
              (36 damage)
             ... in a Gauntlet.
             The game lasted 00:37:52 (14885 turns).

BobbyHole the Covert (Octopode Brigand)            Turns: 14885, Time: 00:37:53

HP:   -12/65 (78)   AC: -4    Str: 10    XL:     11   Next: 44%
MP:   11/11         EV: 16    Int: 18    God:    Ru [***...]
Gold: 1278          SH: 13    Dex: 18    Spells: 10/10 levels left

rFire   + + +        t - +5 dagger of Zineus {freeze, rN+ Int+4}
rCold   + + .        E - +2 shield of Resistance {rF++ rC++ Will++}
rNeg    + . .        (helmet restricted)
rPois   .            G - amulet "Deaworah" {Regen+ Stlth+}
rElec   .            d - ring of protection from fire
rCorr   +            i - ring of wizardry
SInv    .            e - ring of resist corrosion
Will    ++...        (no ring)
Stlth   ++++++++     (no ring)
HPRegen 1.10/turn    (no ring)
MPRegen 0.12/turn    (no ring)
                     (no ring)

%: no teleportation, wizardry (x1)
@: lethally poisoned (-12 -> -23), exhausted, heavily drained
A: almost no armour, amphibious, 8 rings, camouflage 1, gelatinous body 1, hated
by all, reduced AC 1, (nimble swimmer 1), tentacles, no forms
a: Renounce Religion, Draw Out Power


You were in a Gauntlet.
You worshipped Ru.
Ru was most pleased with you.
You visited 2 branches of the dungeon, and saw 12 of its levels.
You also visited: Bailey and Gauntlet.

You collected 1392 gold pieces.
You spent 114 gold pieces at shops.

Inventory:

Hand Weapons
 t - the +5 dagger of Zineus (weapon) {freeze, rN+ Int+4}
   (You found it on level 3 of the Dungeon)

   Int+4:     It affects your intelligence (+4).
   rN+:       It protects you from negative energy.
Missiles
 b - 24 poisoned darts
 c - 3 curare-tipped darts
 m - 24 boomerangs
Armour
 E - the +2 shield of Resistance (worn) {rF++ rC++ Will++}
   (You took it off a kobold in a bailey)

   rF++:      It greatly protects you from fire.
   rC++:      It greatly protects you from cold.
   Will++:    It greatly increases your willpower.
Jewellery
 d - a ring of protection from fire (left tentacle)
 e - a ring of resist corrosion (on tentacle)
 g - an amulet of guardian spirit
 i - a ring of wizardry (right tentacle)
 G - the amulet "Deaworah" (around mantle) {Regen+ Stlth+}
   (You found it in a Gauntlet)

   [amulet of regeneration]

   Regen+:    It increases your rate of health regeneration.
   Stlth+:    It makes you more stealthy.
 J - a ring of ice
Wands
 h - a wand of roots (7)
 u - a wand of polymorph (12)
 w - a wand of flame (21)
 F - a wand of paralysis (14) (quivered)
Scrolls
 a - 2 scrolls of fear {unknown}
 f - 2 scrolls of summoning {unknown}
 j - 4 scrolls of fog
 l - 3 scrolls of enchant armour
 n - 3 scrolls of blinking {unknown}
 p - a scroll of enchant weapon
 q - 4 scrolls of teleportation
 v - 3 scrolls of torment
 C - a scroll of immolation
 D - 2 scrolls of silence {unknown}
Potions
 k - 5 potions of curing
 o - 2 potions of magic
 r - 2 potions of might {unknown}
 s - 6 potions of enlightenment
 x - a potion of brilliance {unknown}
 z - a potion of lignification {unknown}
 B - a potion of attraction {unknown}
 H - 2 potions of cancellation {unknown}
 I - 2 potions of ambrosia {unknown}


   Skills:
 + Level 8.3 Fighting
 + Level 5.9 Short Blades
 - Level 4.5 Throwing
 * Level 8.6 Dodging
 + Level 13.7 Stealth
 + Level 6.4 Shields


You had 10 spell levels left.
You didn't know any spells.
Your spell library contained the following spells:

 Spells                   Type           Power      Damage    Failure   Level
 Magic Dart               Conj           0%         1d3       32%         1
 Slow                     Hex            0%         N/A       32%         1
 Searing Ray              Conj           0%         2d4       43%         2
 Static Discharge         Conj/Air       0%         3-3/arc   43%         2
 Confusing Touch          Hex            0%         N/A       65%         3
 Gell's Gravitas          Tloc           0%         N/A       65%         3
 Inner Flame              Hex/Fire       0%         N/A       65%         3
 Sigil of Binding         Hex            0%         N/A       65%         3
 Teleport Other           Tloc           0%         N/A       65%         3
 Vampiric Draining        Necr           0%         2d6       65%         3
 Airstrike                Air            0%         2d(0-16)  95%         4
 Anguish                  Hex/Necr       0%         N/A       95%         4
 Cause Fear               Hex            0%         N/A       95%         4
 Flame Wave               Conj/Fire      0%         2d4       95%         4
 Fulminant Prism          Conj/Alch      0%         3d5       95%         4
 Sticky Flame             Fire/Alch      0%         2d4       95%         4
 Borgnjor's Vile Clutch   Necr/Erth      0%         N/A       100%        5
 Irradiate                Conj/Alch      0%         3d11      100%        5
 Dispersal                Tloc           0%         N/A       100%        6
 Enfeeble                 Hex            0%         N/A       100%        7
 Ignition                 Fire           0%         3d3       100%        8
 Animate Dead             Necr           Unusable   N/A       N/A         4
 Summon Lightning Spire   Summ/Air       Unusable   N/A       N/A         4
 Death Channel            Necr           Unusable   N/A       N/A         6

Dungeon Overview and Level Annotations

Branches:
Dungeon (11/15)            Temple (0/1) D:4            Lair (1/5) D:9
    Orc (0/2) D:9          Bailey (visited)         Gauntlet (1/1)

Altars:
Ashenzari
Dithmenos
Elyvilon
Gozag
Makhleb
Nemelex Xobeh
Qazlal
Ru
Sif Muna
Trog
Uskayaw
Vehumet
Xom

Shops:
D:2 *   D:10 ***

Annotations:
D:10 1 runed translucent door
Lair:1 Erica Gauntlet 6 transporters


Innate Abilities, Weirdness & Mutations

You cannot wear most types of armour.
You are amphibious.
You can wear up to eight rings at the same time.
Your skin changes colour to match your surroundings (Stealth+).
Your rubbery body absorbs attacks. (AC +1, EV +1)
You are hated by all.
You take slightly more damage. (AC -5)
((You are camouflaged when in or above water. (Stealth+)))
You have tentacles for arms and can constrict up to eight enemies at once.
You cannot voluntarily change form.


Message History

The minotaur is moderately wounded.
You constrict the minotaur, but do no damage.
You feel very sick. You block the minotaur's attack. x2
You hit the minotaur. You freeze the minotaur.
You squeeze the minotaur, but do no damage.
The minotaur is moderately wounded.
You constrict the minotaur.
You feel sick. The minotaur closely misses you. x2
You hit the minotaur but do no damage.
The minotaur is heavily wounded.
You constrict the minotaur, but do no damage.
You feel very sick. You block the minotaur's attack. x2
You hit the minotaur but do no damage.
The minotaur is heavily wounded.
You constrict the minotaur.
You feel sick. You block the minotaur's attack. The minotaur gores you.
You hit the minotaur but do no damage.
You squeeze the minotaur, but do no damage.
The minotaur is heavily wounded.
You constrict the minotaur.
You feel sick.
You hit the minotaur but do no damage.
You squeeze the minotaur, but do no damage.
The minotaur is heavily wounded.
You feel less exhausted.
You constrict the minotaur, but do no damage.
You feel sick.
The minotaur hits you with the +2 flail of Koapuzxe {venom, rElec rCorr}!!
Ouch! That really hurt!
* * * LOW HITPOINT WARNING * * *
You are lethally poisoned!
The minotaur gores you.
* * * LOW HITPOINT WARNING * * *
You are restored by drawing out deep reserves of power within.
You feel drained.
You constrict the minotaur, but do no damage.
You feel very sick.
The minotaur hits you with the +2 flail of Koapuzxe {venom, rElec rCorr}!!!
Ouch! That really hurt!
You die...

......### ####..#8#
..[#..### .≈≈#..#
≈..#..#####
.≈u#..#≈8≈##########
..G#..#...##....##.####
..u#..#.8....##.##....#
≈.G#..#...##.##.@H.##.##
≈≈.#..#.8.##....##.##..#
..)#..#......##.##....##
####..#...##.##.H..##.#
.....≈#.©.##....######.#
.....∩#......##.+..H∩###
.....≈#.©.##.##.########
####..#...##....##.##..#
...#..#......##.##....##


You could see a minotaur.

Vanquished Creatures
  3 two-headed ogres
  Nergalle (D:10)
  An orc knight (Bailey)
  Jeremiah (D:7)
  An ice devil (Gauntlet)
  A troll (D:10)
  A jumping spider (D:10)
  A wyvern (D:9)
  2 steam dragons (D:7)
  2 vampire mosquitoes (D:10)
  7 water moccasins
  2 black bears
  11 orc warriors
  A sky beast (D:8)
  A centaur (D:6)
  A kobold brigand (D:6)
  8 scorpions
  6 bullfrogs
  7 wights
  7 killer bees (D:8)
  3 howler monkeys
  An electric eel (D:6)
  4 crimson imps (D:3)
  2 orc priests
  A bombardier beetle (D:7)
  5 hounds
  2 gnoll boudas
  3 jellies
  2 sleepcaps (D:7)
  Ijyb (D:4)
  3 iguanas (D:4)
  7 orc wizards
  11 gnolls
  6 adders
  A white imp (D:8)
  3 ufetubi
  8 ribbon worms
  48 orcs
  8 ball pythons
  4 endoplasms
  9 goblins
  7 hobgoblins
  9 jackals
  24 kobolds
  4 quokkas
  4 bats
  2 frilled lizards
  6 rats
253 creatures vanquished.

Vanquished Creatures (others)
  A scorpion (D:7)
  A bullfrog (D:7)
  An iguana (D:6)
  A gnoll (D:6)
  An ufetubus (D:7)
5 creatures vanquished.

Grand Total: 258 creatures vanquished

Notes
Turn   | Place    | Note
-------+----------+-------------------------------------------
     0 | D:1      | BobbyHole the Octopode Brigand began the quest for the Orb.
     0 | D:1      | Reached XP level 1. HP: 14/14 MP: 1/1
   129 | D:1      | Reached XP level 2. HP: 19/19 MP: 2/2
   280 | D:1      | Found a faded altar of an unknown god.
   410 | D:1      | Prayed at the altar of an unknown god.
   410 | D:1      | Became a worshipper of Ru the Awakened
   430 | D:1      | Gained mutation: You take slightly more damage. (AC -5) [Ru
                  | sacrifice]
   430 | D:1      | Reached * piety under Ru
   807 | D:2      | Reached XP level 3. HP: 24/24 MP: 3/3
  1202 | D:2      | Reached XP level 4. HP: 28/30 MP: 4/4
  1518 | D:2      | Found Dafuog's General Store.
  1527 | D:2      | Bought a potion of heal wounds for 60 gold pieces
  1891 | D:3      | Found a shadowy altar of Dithmenos.
  1892 | D:3      | Found a broken altar of Ashenzari.
  1983 | D:3      | Reached skill level 6 in Stealth
  1996 | D:3      | Identified the +5 dagger of Zineus {freeze, rN+ Int+4}
  2037 | D:3      | Found a stormy altar of Qazlal.
  2118 | D:3      | Found a shimmering altar of Xom.
  2129 | D:3      | Reached XP level 5. HP: 27/36 MP: 5/5
  2211 | D:3      | Found a shimmering blue altar of Sif Muna.
  2364 | D:3      | Reached XP level 6. HP: 42/42 MP: 6/6
  2490 | D:4      | Reached skill level 7 in Stealth
  2578 | D:4      | Noticed Ijyb
  2636 | D:4      | Killed Ijyb
  2744 | D:4      | Reached XP level 7. HP: 47/47 MP: 7/7
  3078 | D:4      | Found a staircase to the Ecumenical Temple.
  3141 | D:4      | Gained mutation: You are hated by all. [Ru sacrifice]
  3141 | D:4      | Reached ** piety under Ru
  3141 | D:4      | Reached *** piety under Ru
  3152 | D:4      | Found a sparkling altar of Nemelex Xobeh.
  3154 | D:4      | Found a white marble altar of Elyvilon.
  3520 | D:5      | Entered Level 5 of the Dungeon
  3542 | D:4      | Reached skill level 5 in Dodging
  3542 | D:4      | Reached skill level 8 in Stealth
  3985 | D:5      | Reached skill level 9 in Stealth
  3985 | D:5      | Reached XP level 8. HP: 46/54 MP: 8/8
  4102 | D:4      | Found a burning altar of Makhleb.
  4102 | D:4      | Found a hide-covered altar of Uskayaw.
  4382 | D:5      | Reached skill level 5 in Fighting
  4457 | D:5      | Found a sacrificial altar of Ru.
  4608 | D:5      | Reached skill level 10 in Stealth
  5373 | D:6      | Reached skill level 11 in Stealth
  5794 | D:7      | Reached XP level 9. HP: 62/62 MP: 9/9
  6080 | D:7      | Noticed Jeremiah
  6392 | D:8      | Gained mutation: You cannot voluntarily change form. [Ru
                  | sacrifice]
  6722 | D:8      | Found a flagged portal.
  6733 | Bailey   | Entered a bailey
  6740 | Bailey   | Noticed an orc knight
  7429 | Bailey   | Killed an orc knight
  7430 | Bailey   | Reached skill level 12 in Stealth
  8040 | D:8      | Reached skill level 1 in Shields
  8040 | D:8      | Reached XP level 10. HP: 69/69 MP: 10/10
  8258 | D:7      | Killed Jeremiah
  9927 | D:9      | Found an opulent altar of Gozag.
  9930 | D:9      | Found an opulent altar of Gozag.
  9930 | D:9      | Found an opulent altar of Gozag.
  9969 | D:9      | Identified the +6 whip of Bloodstone {heavy, *Noise rCorr
                  | Int+3 Dex+3}
 10010 | D:9      | Found a staircase to the Lair.
 10300 | D:9      | Found a staircase to the Orcish Mines.
 10359 | D:9      | Noticed a two-headed ogre
 10382 | D:9      | Killed a two-headed ogre
 10383 | D:9      | Reached skill level 5 in Short Blades
 10383 | D:9      | Reached skill level 13 in Stealth
 10631 | D:9      | Found an opulent altar of Gozag.
 11126 | D:9      | Found a radiant altar of Vehumet.
 11127 | D:9      | Found a bloodstained altar of Trog.
 11197 | D:9      | Reached skill level 5 in Shields
 11477 | D:10     | Entered Level 10 of the Dungeon
 11537 | D:10     | Noticed a two-headed ogre
 11540 | D:10     | Killed a two-headed ogre
 11541 | D:10     | Reached XP level 11. HP: 76/77 MP: 11/11
 11542 | D:10     | Noticed a two-headed ogre
 11558 | D:10     | Killed a two-headed ogre
 11745 | D:10     | Noticed Nergalle
 11747 | D:10     | Killed Nergalle
 11788 | D:10     | Found Xuikhyif's General Store.
 11856 | D:10     | Found Hawnuh's General Store.
 12139 | D:10     | Noticed a yaktaur captain
 12139 | D:10     | Noticed a deep elf knight
 12241 | D:10     | Found a runed translucent door.
 12243 | D:10     | Noticed an ice dragon
 12243 | D:10     | Noticed a deep elf archer
 12371 | D:10     | Found Coenupucs's Assorted Antiques.
 12374 | D:10     | Bought a scroll of identify for 54 gold pieces
 12470 | D:10     | Noticed an orc knight
 12470 | D:10     | Noticed an orc knight
 13079 | Lair:1   | Entered Level 1 of the Lair of Beasts
 13093 | Lair:1   | Noticed Erica
 13439 | D:10     | an orc knight changed into a jumping spider
 13481 | D:10     | an orc knight changed into a lindwurm
 13481 | D:10     | Noticed a lindwurm
 14187 | D:11     | Found a gate leading to a gauntlet.
 14203 | Gauntlet | Entered a Gauntlet
 14203 | Gauntlet | Noticed a moth of wrath
 14203 | Gauntlet | Found a transporter.
 14203 | Gauntlet | Found a transporter.
 14203 | Gauntlet | Found a transporter.
 14266 | Gauntlet | Found a transporter.
 14276 | Gauntlet | Found a transporter.
 14279 | Gauntlet | Noticed a ghost crab
 14280 | Gauntlet | Found a transporter.
 14290 | Gauntlet | Found a transporter.
 14290 | Gauntlet | Noticed a wretched star
 14307 | Gauntlet | Noticed a glowing orange brain
 14311 | Gauntlet | Found a transporter.
 14312 | Gauntlet | Noticed a red ugly thing
 14312 | Gauntlet | Noticed a brown ugly thing
 14312 | Gauntlet | Noticed a glowing orange brain
 14328 | Gauntlet | Found a transporter.
 14332 | Gauntlet | Found a transporter.
 14342 | Gauntlet | Found a transporter.
 14346 | Gauntlet | Found a transporter.
 14346 | Gauntlet | Noticed a blizzard demon
 14590 | Gauntlet | Identified the amulet "Deaworah" {Regen+ Stlth+}
 14852 | Gauntlet | Identified the +2 flail of Koapuzxe {venom, rElec rCorr}
 14852 | Gauntlet | Noticed a minotaur
 14885 | Gauntlet | Mangled by a minotaur

Illustrated notes

Levels and vault maps discovered:
D:1:      erik_arrival_blinker_ship, layout_loops_ring,
          shapermc_ecumenical_altar_flowoftime, serial_glass, glass_columns_a,
          glass_columns_c
D:2:      layout_basic, serial_shops, shop, minmay_crystal_water
D:3:      layout_rooms, mainiacjoe_overflow_divided_tiny,
          nicolae_sif_muna_condensation, mainiacjoe_overflow_six_doors_small,
          led_xom_imps
D:4:      layout_basic, nicolae_overflow_hidden_temple, temple_pool_b,
          nicolae_wormholes, uniq_ijyb
D:5:      layout_rooms, lemuel_crystal_altar, minmay_liquid_box,
          grunt_ministairs_5
D:6:      layout_gridville, serial_bayou, serial_bayou_shore_b,
          serial_bayou_lagoon_b, serial_bayou_shore_b, serial_bayou_pond_e,
          kennysheep_crisscross, chequers_serial_rivers_small_a,
          kennysheep_generic_room_2
D:7:      layout_layer_cave, fedhas_altar_2, minmay_fractal_squares_diagonal_5,
          uniq_jeremiah
D:8:      layout_rooms, enter_bailey_2, minmay_misc_feat_doors
D:9:      layout_basic, nicolae_gozag_conspicuous_consumption,
          grunt_temple_overflow_open, due_lair_maze_entry_diamond
D:10:     minmay_gate_of_8, layout_loops_ring, serial_shops,
          kennysheep_mini_moat, shop, nicolae_shop_waterfront,
          lightli_church_of_beogh, uniq_nergalle
D:11:     layout_roguey, gauntlet_entry_generic, serial_bayou,
          serial_bayou_lake_a, serial_bayou_pond_c, serial_bayou_pond_c,
          serial_bayou_crossing
Lair:1:   layout_layer_cave, grunt_megastairs_4, uniq_erica
Gauntlet: gammafunk_gauntlet_hard_choice [nicolae_gauntlet_arena_blocks,
          gammafunk_gauntlet_arena_crates, nicolae_gauntlet_arena_t_cross,
          gammafunk_gauntlet_arena_corners, nicolae_gauntlet_arena_flowing_pool,
          gammafunk_gauntlet_arena_hedges, gauntlet_exit_green]

Skill      XL: |  1  2  3  4  5  6  7  8  9 10 11 |
---------------+----------------------------------+-----
Dodging        | 2 3 4 5 6 7 8 |  8.6
Stealth        | 6 7 9 11 12 13 | 13.7
Fighting       | 3 4 5 6 7 8 |  8.3
Short Blades   | 3 5 |  5.9
Throwing       | 4 |  4.5
Shields        | 1 5 6 |  6.4

Action                     |  1- 3 |  4- 6 |  7- 9 | 10-12 || total
---------------------------+-------+-------+-------+-------++-------
  Melee: Dagger            |    52 |    95 |   280 |   274 ||   701
         Constrict         |     7 |    23 |    67 |    45 ||   142
         Tentacles         |     6 |    17 |    74 |    75 ||   172
         Unarmed           |       |     3 |       |       ||     3
         Punch             |       |     2 |     6 |     8 ||    16
  Throw: Boomerang         |       |       |    11 |       ||    11
         Dart              |       |       |       |     5 ||     5
 Invoke: Sacrifice Health  |     1 |       |       |       ||     1
         Sacrifice Love    |       |       |     1 |       ||     1
         Sacrifice Forms   |       |       |     1 |       ||     1
         Draw Out Power    |       |       |       |    11 ||    11
         Reject Sacrifices |       |       |       |     1 ||     1
  Evoke: Wand              |       |       |    22 |    12 ||    34
    Use: Scroll            |       |       |     7 |     7 ||    14
         Potion            |       |       |     3 |     5 ||     8
   Stab: Sleeping          |    16 |    15 |    22 |     9 ||    62
         Distracted        |       |     3 |     5 |     2 ||    10
         Invisible         |       |       |     3 |     3 ||     6
 Armour: Skin              |    10 |    36 |   129 |   100 ||   275
  Dodge: Dodged            |    27 |    41 |   163 |   134 ||   365
  Block: Kite shield       |       |       |    21 |   188 ||   209
